 Dungeon Crawl Stone Soup version 0.31-a0-188-g5e087ee2ca (webtiles) character file.

Game seed: 3708426445650595875

252 qw the Skirmisher (level 5, 0/31 HPs)
             Began as a Deep Elf Hunter on June 23, 2023.
             Slain by an iguana (3 damage)
             ... on level 4 of the Dungeon.
             The game lasted 00:01:20 (2138 turns).

qw the Skirmisher (Deep Elf Hunter)                 Turns: 2138, Time: 00:01:21

Health: 0/31       AC:  6    Str: 10    XL:     5   Next: 89%
Magic:  7/7        EV: 11    Int: 14    God:
Gold:   168        SH:  0    Dex: 18    Spells: 4/4 levels left

rFire   + . .        Y - +1 shortbow (drain)
rCold   . . .        (shield currently unavailable)
rNeg    . . .        f - +0 ring mail
rPois   +            (no helmet)
rElec   .            (no cloak)
rCorr   .            d - +0 pair of gloves
SInv    .            (no boots)
Will    .....        (no amulet)
Stlth   +            b - ring of poison resistance
HPRegen 0.25/turn    j - ring of protection from fire
MPRegen 0.10/turn

%: no passive effects
@: about to teleport
A: talons 1
a: no special abilities


You were on level 4 of the Dungeon.
You visited 1 branch of the dungeon, and saw 4 of its levels.

You collected 168 gold pieces.


Innate Abilities, Weirdness & Mutations

You have sharp toenails.


   Skills:
 - Level 2.4 Fighting
 + Level 9.0 Ranged Weapons
 - Level 2.4 Dodging
 - Level 1.2 Stealth


You had 4 spell levels left.
You didn't know any spells.
Your spell library was empty.

Inventory:

Hand Weapons
 Y - a +1 shortbow of draining (weapon)
Armour
 d - a +0 pair of gloves (worn)
 f - a +0 ring mail (worn)
Jewellery
 b - a ring of poison resistance (left hand)
 j - a ring of protection from fire (right hand)
Scrolls
 a - a scroll of identify
Potions
 c - a potion of enlightenment
 e - a potion of resistance
 l - a potion of might {unknown}

Dungeon Overview and Level Annotations

Branches:
Dungeon (4/15)
 Temple: D:4-7

Altars:
Uskayaw

Portals:
Sewer: D:4


Message History

The stone hits you but does no damage.
You shoot an arrow.
The arrow hits the kobold but does no damage.
The giant cockroach waves its antennae.
The kobold throws a stone.
The stone hits you but does no damage.
You shoot an arrow.
The arrow hits the kobold but does no damage.
You hear an angry hiss.
You shoot an arrow. The arrow hits the kobold.
You drain the kobold.
You kill the kobold!
An iguana comes into view.
You shoot an arrow. The iguana hisses angrily.
The arrow hits the iguana.
The iguana is lightly wounded.
The orc priest calls down the wrath of Beogh upon you.
Beogh smites you!
You shoot an arrow. The arrow barely misses the iguana.
The arrow closely misses the orc.
The iguana barely misses you.
You shoot an arrow. The arrow closely misses the iguana.
The orc hits you with a +0 dagger. The iguana bites you.
2135 ||| READING scroll of teleportation.
As you read the scroll of teleportation, it crumbles to dust.
You feel strangely unstable.
The iguana bites you but does no damage.
You shoot an arrow. The arrow hits the iguana!
The iguana is severely wounded.
The giant cockroach waves its antennae.
The orc hits you but does no damage. The iguana closely misses you.
You shoot an arrow. The arrow hits the orc priest.
The orc priest is severely wounded.
The orc priest closely misses you. The orc hits you with a +0 dagger.
The iguana bites you.
You shoot an arrow. The arrow hits the orc priest!
You kill the orc priest!
The orc closely misses you.
The iguana bites you but does no damage.
The orc closely misses you. The iguana bites you.
You die...

####...#.##
###........#
##..........#
##........##..#
#..........###..
##...........## .
#.............## #
#............=.#.###
#.............@l...#
##............oo...#
#....................
##.............##+##.
#.............#BSS#.
###........:..#B~~#(
.......##.#~\~#.
#...## .#~~~#.


You could see an iguana, 2 adders, 2 orcs and 2 giant cockroaches.

Vanquished Creatures
  A scorpion (D:4)
  2 orc priests
  A gnoll (D:3)
  7 adders (D:3)
  An ufetubus (D:3)
  2 dart slugs
  7 orcs (D:3)
  2 bats (D:1)
  7 endoplasms
  3 giant cockroaches
  11 hobgoblins
  3 jackals (D:2)
  2 quokkas
  7 ball pythons
  2 frilled lizards (D:1)
  7 goblins
  6 kobolds
  4 rats
75 creatures vanquished.

Notes
Turn   | Place    | Note
-------+----------+-------------------------------------------
     0 | D:1      | qw the Deep Elf Hunter began the quest for the Orb.
     0 | D:1      | Reached XP level 1. HP: 12/12 MP: 3/3
     0 | D:1      | 0 ||| qw: Version: 0.3-a-9-g12657ce
     0 | D:1      | 0 ||| qw: Game counter: 4303
     0 | D:1      | 0 ||| qw: Always use a shield: true
     0 | D:1      | 0 ||| qw: God list: Okawaru
     0 | D:1      | 0 ||| qw: Allow faded altars: false
     0 | D:1      | 0 ||| qw: Do Orc after D:15 true
     0 | D:1      | 0 ||| qw: Do second Lair branch before Depths: true
     0 | D:1      | 0 ||| qw: Lair rune preference: random
     0 | D:1      | 0 ||| qw: Plans: Normal
     0 | D:1      | 0 ||| PLANNING D:1-11
   105 | D:1      | Reached skill level 6 in Ranged Weapons
   105 | D:1      | Reached XP level 2. HP: 16/16 MP: 4/4
   421 | D:1      | 421 ||| UPGRADING to +0 pair of gloves.
   426 | D:1      | 426 ||| UPGRADING to +0 ring mail.
   436 | D:1      | 436 ||| DROPPING +0 leather armour.
   437 | D:1      | 437 ||| READING scroll labelled XADITEB JUXT.
   438 | D:1      | 438 ||| DROPPING scroll of butterflies.
   500 | D:2      | Reached XP level 3. HP: 20/20 MP: 5/5
   793 | D:2      | 793 ||| FLEEEEING.
   794 | D:2      | 794 ||| FLEEEEING.
   846 | D:2      | Reached skill level 7 in Ranged Weapons
   909 | D:2      | 909 ||| UPGRADING to ring of poison resistance.
   910 | D:2      | 910 ||| UPGRADING to ring of protection from fire.
   911 | D:2      | 911 ||| READING 3 scrolls labelled BOSOUXK ONUEMI.
   912 | D:2      | 912 ||| READING 2 scrolls labelled VAINWA ICVO.
   949 | D:2      | 949 ||| READING scroll labelled POAHAB ANOAMOR.
   950 | D:2      | 950 ||| READING scroll labelled BIKU DOBEFO.
   951 | D:2      | 951 ||| READING scroll labelled ANIBRA WAUFI.
   952 | D:2      | 952 ||| DRINKING 2 yellow potions.
   952 | D:2      | Gained mutation: You are frail. (-10% HP) [potion of
                  | mutation]
   952 | D:2      | Gained mutation: You have sharp toenails. [potion of
                  | mutation]
   952 | D:2      | Gained mutation: Your muscles are strong. (Str +4, Int/Dex
                  | -1) [potion of mutation]
   953 | D:2      | 953 ||| DRINKING potion of mutation.
   953 | D:2      | Lost mutation: Your muscles are strong. (Str +4, Int/Dex
                  | -1) [potion of mutation]
   953 | D:2      | Lost mutation: You have sharp toenails. [potion of
                  | mutation]
   953 | D:2      | Lost mutation: You are frail. (-10% HP) [potion of
                  | mutation]
   953 | D:2      | Gained mutation: You have sharp toenails. [potion of
                  | mutation]
   958 | D:2      | 958 ||| READING 2 scrolls of identify.
   958 | D:2      | 958 ||| IDENTIFYING metallic emerald potion
   959 | D:2      | 959 ||| DROPPING scroll of torment.
   960 | D:2      | 960 ||| DROPPING potion of brilliance.
  1035 | D:3      | Found a faded altar of an unknown god.
  1127 | D:3      | 1127 ||| READING scroll labelled LAWUISCHOOB.
  1134 | D:3      | Reached XP level 4. HP: 25/25 MP: 6/6
  1149 | D:3      | 1149 ||| Stepping randomly (stuck).
  1151 | D:3      | 1151 ||| READING scroll labelled SYUVVUNODY.
  1152 | D:3      | 1152 ||| Stepping randomly (stuck).
  1154 | D:3      | 1154 ||| Stepping randomly (stuck).
  1155 | D:3      | 1155 ||| Stepping randomly (stuck).
  1156 | D:3      | 1156 ||| Stepping randomly (stuck).
  1157 | D:3      | 1157 ||| Stepping randomly (stuck).
  1158 | D:3      | 1158 ||| Stepping randomly (stuck).
  1159 | D:3      | 1159 ||| Stepping randomly (stuck).
  1160 | D:3      | 1160 ||| Stepping randomly (stuck).
  1161 | D:3      | 1161 ||| Stepping randomly (stuck).
  1162 | D:3      | 1162 ||| Stepping randomly (stuck).
  1163 | D:3      | 1163 ||| Stepping randomly (stuck).
  1164 | D:3      | 1164 ||| Stepping randomly (stuck).
  1165 | D:3      | 1165 ||| Stepping randomly (stuck).
  1166 | D:3      | 1166 ||| Stepping randomly (stuck).
  1167 | D:3      | 1167 ||| Stepping randomly (stuck).
  1168 | D:3      | 1168 ||| Stepping randomly (stuck).
  1169 | D:3      | 1169 ||| Stepping randomly (stuck).
  1170 | D:3      | 1170 ||| Stepping randomly (stuck).
  1171 | D:3      | 1171 ||| Stepping randomly (stuck).
  1172 | D:3      | 1172 ||| Stepping randomly (stuck).
  1173 | D:3      | 1173 ||| Stepping randomly (stuck).
  1174 | D:3      | 1174 ||| Stepping randomly (stuck).
  1175 | D:3      | 1175 ||| Stepping randomly (stuck).
  1176 | D:3      | 1176 ||| Stepping randomly (stuck).
  1181 | D:3      | 1181 ||| Stepping randomly (stuck).
  1182 | D:3      | 1182 ||| Stepping randomly (stuck).
  1183 | D:3      | 1183 ||| Stepping randomly (stuck).
  1184 | D:3      | 1184 ||| Stepping randomly (stuck).
  1185 | D:3      | 1185 ||| Stepping randomly (stuck).
  1186 | D:3      | 1186 ||| Stepping randomly (stuck).
  1187 | D:3      | 1187 ||| Stepping randomly (stuck).
  1188 | D:3      | 1188 ||| Stepping randomly (stuck).
  1189 | D:3      | 1189 ||| Stepping randomly (stuck).
  1190 | D:3      | 1190 ||| Stepping randomly (stuck).
  1191 | D:3      | 1191 ||| Stepping randomly (stuck).
  1192 | D:3      | 1192 ||| Stepping randomly (stuck).
  1193 | D:3      | 1193 ||| Stepping randomly (stuck).
  1194 | D:3      | 1194 ||| Stepping randomly (stuck).
  1195 | D:3      | 1195 ||| Stepping randomly (stuck).
  1196 | D:3      | 1196 ||| Stepping randomly (stuck).
  1287 | D:3      | Reached skill level 8 in Ranged Weapons
  1432 | D:3      | 1432 ||| READING 2 scrolls of identify.
  1432 | D:3      | 1432 ||| IDENTIFYING sapphire potion
  1512 | D:3      | Found a hide-covered altar of Uskayaw.
  1606 | D:3      | 1606 ||| Stepping ~*~*~tactically~*~*~ (outnumbered).
  1615 | D:3      | Reached XP level 5. HP: 10/29 MP: 7/7
  1617 | D:3      | 1617 ||| FLEEEEING.
  1618 | D:3      | 1618 ||| FLEEEEING.
  1619 | D:3      | 1619 ||| FLEEEEING.
  1620 | D:3      | 1620 ||| FLEEEEING.
  1621 | D:3      | 1621 ||| FLEEEEING.
  1622 | D:3      | 1622 ||| FLEEEEING.
  1623 | D:3      | 1623 ||| FLEEEEING.
  1624 | D:3      | 1624 ||| FLEEEEING.
  1625 | D:3      | 1625 ||| FLEEEEING.
  1626 | D:3      | 1626 ||| FLEEEEING.
  1627 | D:3      | 1627 ||| FLEEEEING.
  1628 | D:3      | 1628 ||| FLEEEEING.
  1629 | D:3      | 1629 ||| FLEEEEING.
  1631 | D:3      | 1631 ||| FLEEEEING.
  1632 | D:3      | 1632 ||| FLEEEEING.
  1633 | D:3      | 1633 ||| FLEEEEING.
  1634 | D:3      | 1634 ||| FLEEEEING.
  1635 | D:3      | 1635 ||| FLEEEEING.
  1636 | D:3      | 1636 ||| STAIRDANCE
  1845 | D:4      | 1845 ||| PLANNING SEWER
  1884 | D:4      | Reached skill level 9 in Ranged Weapons
  2122 | D:4      | Found a glowing drain.
  2123 | D:4      | 2123 ||| DROPPING +6 ring of intelligence.
  2124 | D:4      | 2124 ||| READING scroll labelled MEOGIK HUELAJUOF.
  2125 | D:4      | 2125 ||| READING 2 scrolls of identify.
  2125 | D:4      | 2125 ||| IDENTIFYING amethyst potion
  2134 | D:4      | HP: 7/31 [iguana (2)]
  2135 | D:4      | 2135 ||| READING scroll of teleportation.
  2137 | D:4      | HP: 2/31 [iguana (5)]
  2138 | D:4      | Slain by an iguana

Levels and vault maps discovered:
D:1:      scummos_arrival_checkerplants, layout_basic
D:2:      layout_rooms
D:3:      kb_forest_paths, layout_loops_ring, mainiacjoe_overflow_alcove_4,
          ebering_ecumenical_altar_webs
D:4:      layout_layer_cave, gup_sewer_entry_glass, uniq_grinder

Skill      XL: |  1  2  3  4  5 |
---------------+----------------+-----
Ranged Weapons | 6 7 8 9 |  9.0
Fighting       | 2 |  2.4
Dodging        | |  2.4
Stealth        | |  1.2

Action                     |  1- 3 |  4- 6 || total
---------------------------+-------+-------++-------
   Fire: Shortbow          |   118 |    91 ||   209
    Use: Scroll            |     8 |     5 ||    13
         Potion            |     2 |       ||     2
 Armour: Leather armour    |     2 |       ||     2
         Ring mail         |     9 |    17 ||    26
  Dodge: Dodged            |    39 |    29 ||    68

Table legend:
 A = Non-vault XP
 B = Vault XP
 C = Vault XP percentage of total XP
 D = Non-vault monster count
 E = Vault monster count
 F = Vault count percentage of total count
                 A         B        C        D         E       F
            +---------+---------+-------+---------+---------+-------
      Total |     364 |      37 |   9.2 |      69 |       6 |   8.0
            +---------+---------+-------+---------+---------+-------
        D:1 |      33 |       0 |   0.0 |      19 |       0 |   0.0
        D:2 |      37 |       0 |   0.0 |      19 |       0 |   0.0
        D:3 |     165 |      37 |  18.3 |      23 |       6 |  20.7
        D:4 |     129 |       0 |   0.0 |       8 |       0 |   0.0
            +---------+---------+-------+---------+---------+-------
